 Dungeon Crawl Stone Soup version 0.20.0-4-g10b340a (webtiles) character file.

47252 valhalheru the Peltast (level 14, -17/112 HPs)
             Began as a Hill Orc Fighter on May 27, 2017.
             Was the Champion of Nemelex Xobeh.
             Demolished by an enormous slime creature (63 damage)
             ... on level 12 of the Dungeon.
             The game lasted 01:34:06 (18455 turns).

valhalheru the Peltast (Hill Orc Fighter)          Turns: 18455, Time: 01:34:06

Health: -17/112    AC: 30    Str: 26    XL:     14   Next: 41%
Magic:  26/26      EV: 20    Int: 13    God:    Nemelex Xobeh [******]
Gold:   1102       SH: 14    Dex: 10    Spells: 13/13 levels left

rFire    . . .     SeeInvis .   v - +5 mace (holy)
rCold    + . .     Gourm    +   P - +0 shield
rNeg     . . .     Faith    .   A - +6 plate armour
rPois    +         Spirit   .   a - +3 hat of Pondering {ponderous, MR+ MP+10 Int+5}
rElec    +         Reflect  .   O - +1 cloak of Starlight {rElec rC+ EV+4 Stlth--}
rCorr    .         Harm     .   o - +2 pair of gloves
MR       ++...     Rnd*Tele +   (no boots)
Stlth    ..........             k - amulet of the gourmand
Regen    0.7/turn               E - ring of Fragile Peace {rPois EV+2 Str+4}
MPRegen  0.2/turn               y - +5 ring of evasion

@: slow
A: clumsy 1, frail 1, regeneration 1, teleportitis 1
a: Triple Draw, Deal Four, Stack Five, Renounce Religion


You were on level 12 of the Dungeon.
You worshipped Nemelex Xobeh.
Nemelex Xobeh was exalted by your worship.
You were completely stuffed.

You visited 4 branches of the dungeon, and saw 20 of its levels.

You collected 1356 gold pieces.
You spent 254 gold pieces at shops.

Inventory:

Hand Weapons
 u - the +3 spear of Eternal Vigilance {pain, +Rage +Inv Str+4}
   (You found it on level 4 of the Dungeon)

   In the hands of one skilled in necromantic magic, it inflicts extra damage on
   living creatures.
   It affects your strength (+4).
   It lets you turn invisible.
   It lets you go berserk.
 v - a +5 mace of holy wrath (weapon)
Missiles
 m - 13 tomahawks (quivered)
Armour
 a - the +3 hat of Pondering (worn) {ponderous, MR+ MP+10 Int+5}
   (You took it off Gastronok on level 3 of the Lair of Beasts)

   It affects your intelligence (+5).
   It affects your resistance to hostile enchantments.
   It affects your magic capacity (+10).
 o - a +2 pair of gloves (worn)
 A - a +6 plate armour (worn)
 O - the +1 cloak of Starlight (worn) {rElec rC+ EV+4 Stlth--}
   (You acquired it on level 1 of the Lair of Beasts)

   It affects your evasion (+4).
   It protects you from cold.
   It insulates you from electricity.
   It makes you much less stealthy.
 P - a +0 shield (worn)
Jewellery
 k - an amulet of the gourmand (around neck)
 y - a +5 ring of evasion (right hand)
 E - the ring of Fragile Peace (left hand) {rPois EV+2 Str+4}
   (You found it on level 9 of the Dungeon)

   [ring of evasion]

   It affects your evasion (+2).
   It affects your strength (+4).
   It protects you from poison.
Wands
 i - a wand of lightning (7/15)
 x - a wand of acid (10/15)
 z - a wand of flame (48/48)
 H - a wand of confusion (23/48)
 I - a wand of flame (15/48)
 L - a wand of digging (18/24)
Scrolls
 c - 3 scrolls of identify
 f - a scroll of blinking
 h - 5 scrolls of amnesia
 q - 9 scrolls of teleportation
 s - 8 scrolls of remove curse
 R - 2 scrolls of magic mapping
Potions
 d - a potion of might
 g - a potion of haste
 j - a potion of berserk rage
 C - 2 potions of curing
 F - 2 potions of flight
Miscellaneous
 b - a plain deck of destruction
 e - an ornate deck of destruction
 l - a lightning rod (inert)
 r - a plain deck of destruction {drawn: 7}
 w - an ornate deck of destruction {drawn: 3}
 B - an ornate deck of destruction
 G - a lightning rod (inert)
 J - a legendary deck of destruction
Comestibles
 n - 11 bread rations
 p - 3 fruits
 t - 2 meat rations
 D - a chunk of flesh


   Skills:
 + Level 11.8 Fighting
   Level 5.5 Short Blades
 + Level 2.4 Maces & Flails
 + Level 12.6 Polearms
 + Level 11.7 Armour
 + Level 3.7 Dodging
 + Level 1.8 Stealth
 + Level 15.4 Shields
 + Level 3.5 Invocations
 + Level 0.4 Evocations


You had 13 spell levels left.
You didn't know any spells.

Dungeon Overview and Level Annotations

Branches:
Dungeon (12/15)            Temple (1/1) D:7            Lair (6/6) D:11
 Shoals (1/4) Lair:2       Spider (0/4) Lair:4        Slime (0/5) Lair:6
    Orc (0/2) D:11

Altars:
Ashenzari
Cheibriados
Dithmenos
Elyvilon
Fedhas
Gozag
Hepliaklqana
Kikubaaqudgha
Makhleb
Nemelex Xobeh
Okawaru
Qazlal
Ru
Sif Muna
Trog
Uskayaw
Vehumet
Xom
Yredelemnul
Zin
The Shining One

Shops:
D:4 (?   D:7 *?**


Innate Abilities, Weirdness & Mutations

You are clumsy. (Dex -2)
You are frail. (-10% HP)
Your natural rate of healing is unusually fast.
You are occasionally teleported next to monsters.


Message History

You thump the enormous slime creature!
The enormous slime creature is severely wounded.
Your air elemental hits the enormous slime creature!
Your air elemental hits the enormous slime creature.
The enormous slime creature closely misses you.
Your air elemental hits the enormous slime creature.
The raiju bites your air elemental. The raiju shocks your air elemental.
Your air elemental completely resists.
Lightning arcs down from a storm cloud!
You sock the enormous slime creature!
The enormous slime creature is severely wounded.
You hear an angry hiss.
Your air elemental misses the raiju.
Your air elemental hits the raiju!
You block the enormous slime creature's attack.
The raiju bites your air elemental! The raiju shocks your air elemental.
Your air elemental completely resists.
Your air elemental hits the raiju.
The enormous slime creature hits you!!!
Ouch! That really hurt!
You die...
Your body glows with a rainbow of weird colours and disappears.

#.##.# #........
#.##.######.#######
#.##........#
#.#########.# #§#
#... #§# ####.. #§#
..# #.######### .#
#.@JE§§...# #
####h.§a..# .§§...#
..§...# .......
....... .......
.......


You could see an enormous slime creature, a raiju, a worker ant and a friendly
air elemental.

Vanquished Creatures
  Rupert (D:12)
  Frances (D:12)
  Gastronok (Lair:3)
  An entropy weaver (Lair:6)
  The ghost of healthycheekums the Bludgeoner, a journeyman MiBe of Trog (Lair:6)
  3 hydras
  3 two-headed ogres
  A deep troll shaman (Lair:6)
  A satyr (Lair:2)
  3 death yaks (Lair:6)
  A sea snake (Shoals:1)
  An unseen horror (D:11)
  An ugly thing (D:10)
  2 cyclopes
  2 centaur zombies
  3 black mambas
  5 elephants
  Psyche (D:12)
  10 spiny frogs
  A water nymph (Shoals:1)
  3 komodo dragons
  A demonic crawler (Lair:4)
  8 rime drakes
  A merfolk (Shoals:1)
  4 polar bears
  2 trolls
  13 blink frogs
  11 hippogriffs
  A snapping turtle (Shoals:1)
  A wyvern (Lair:4)
  A hog (Lair:6)
  24 yaks
  6 humans (D:10)
  2 hungry ghosts (D:10)
  A basilisk (Lair:5)
  A warg (Lair:6)
  2 hell hounds (D:11)
  9 porcupines
  5 water moccasins
  A black bear (Lair:6)
  3 ice beasts
  An orc warrior (D:8)
  4 sky beasts
  A phantom (D:12)
  6 wolves
  6 ogres
  12 crocodiles
  5 centaurs
  A big kobold (D:7)
  10 bullfrogs
  5 scorpions
  4 killer bees (D:11)
  2 howler monkeys
  4 crimson imps
  3 quasits
  3 jellies
  3 bullfrog skeletons
  A hound (D:10)
  2 centaur skeletons
  7 orc priests
  5 orc wizards
  Jessica (D:3)
  Natasha (D:3)
  3 iguanas
  8 worker ants
  A hound zombie (D:5)
  2 worker ant zombies
  10 gnolls
  10 adders
  5 shadow imps
  2 oozes
  2 adder skeletons
  4 worms
  3 dart slugs
  3 leopard geckos
  27 orcs
  6 ball pythons
  8 bats
  6 giant cockroaches
  2 gnoll zombies (D:6)
  6 hobgoblins
  4 jackals
  5 quokkas
  4 frilled lizards
  4 goblins
  A jackal skeleton (D:4)
  A jackal zombie (D:9)
  10 kobolds
  7 rats
  4 fungi (Lair:6)
  A plant (Lair:5)
379 creatures vanquished.

Vanquished Creatures (collateral kills)
  A hydra (Lair:5)
  Grinder (D:3)
  A vampire (D:9)
  2 porcupines (Lair:5)
  2 crocodiles (Lair:6)
  A bullfrog (Lair:5)
  A lava snake (Lair:5)
  2 orc priests
  An orc wizard (D:11)
  An orc (D:4)
  A plant (Lair:5)
14 creatures vanquished.

Vanquished Creatures (others)
  3 spiny frogs (Lair:6)
  A komodo dragon (Lair:5)
  A wyvern (Lair:6)
  Eustachio (D:6)
  An orc warrior (D:6)
  3 crocodiles (Lair:6)
  A killer bee (D:9)
  An iguana (D:9)
  A worm (D:9)
  A ball lightning (Lair:6)
  An orc (D:6)
  3 fungi
  3 plants
21 creatures vanquished.

Grand Total: 414 creatures vanquished

Notes
Turn   | Place    | Note
-------+----------+-------------------------------------------
     0 | D:1      | valhalheru the Hill Orc Fighter began the quest for the Orb.
     0 | D:1      | Reached XP level 1. HP: 19/19 MP: 1/1
   114 | D:1      | Reached XP level 2. HP: 27/27 MP: 2/2
   319 | D:1      | Found a shattered altar of Ashenzari.
   407 | D:1      | Reached XP level 3. HP: 31/33 MP: 3/3
  1118 | D:2      | Reached XP level 4. HP: 39/40 MP: 4/4
  1325 | D:2      | Found a faded altar of an unknown god.
  1373 | D:2      | Became a worshipper of Nemelex Xobeh the Trickster
  1373 | D:2      | Received a gift from Nemelex Xobeh
  1373 | D:2      | Reached * piety under Nemelex Xobeh
  1608 | D:3      | Reached XP level 5. HP: 18/47 MP: 5/5
  2115 | D:3      | Reached skill level 4 in Shields
  2228 | D:3      | Noticed Grinder
  2260 | D:3      | Paralysed by Grinder for 5 turns
  2263 | D:3      | Killed Grinder
  2263 | D:3      | Reached skill level 1 in Dodging
  2263 | D:3      | Reached XP level 6. HP: 29/53 MP: 6/6
  2945 | D:3      | Gained mutation: You are clumsy. (Dex -2) [potion of mutation]
  2945 | D:3      | Gained mutation: You are frail. (-10% HP) [potion of mutation]
  2945 | D:3      | Gained mutation: You are occasionally teleported next to monsters. [potion of mutation]
  2945 | D:3      | Gained mutation: Your natural rate of healing is unusually fast. [potion of mutation]
  3035 | D:3      | Noticed Jessica
  3051 | D:3      | Killed Jessica
  3058 | D:3      | Noticed Natasha
  3076 | D:3      | Killed Natasha
  3260 | D:4      | Reached XP level 7. HP: 48/54 MP: 7/7
  3318 | D:4      | Reached skill level 5 in Fighting
  3445 | D:4      | Reached ** piety under Nemelex Xobeh
  3446 | D:4      | Found Gevisid's Antique Weapon Emporium.
  3500 | D:4      | Reached skill level 5 in Armour
  3539 | D:4      | Found Beom's Magic Scroll Shoppe.
  3554 | D:4      | Received a gift from Nemelex Xobeh
  3624 | D:4      | Bought a scroll of identify for 28 gold pieces
  3624 | D:4      | Bought a scroll of identify for 28 gold pieces
  3624 | D:4      | Bought a scroll of identify for 28 gold pieces
  3667 | D:4      | Got a crystal spear
  3668 | D:4      | Identified the +3 spear of Eternal Vigilance {pain, +Rage +Inv Str+4} (You found it on level 4 of the Dungeon)
  3761 | D:4      | Found a bloodstained altar of Trog.
  3763 | D:4      | Found a shattered altar of Ashenzari.
  3763 | D:4      | Found an ancient bone altar of Kikubaaqudgha.
  3766 | D:4      | Found an opulent altar of Gozag.
  3766 | D:4      | Found a shimmering altar of Xom.
  3766 | D:4      | Found a stormy altar of Qazlal.
  3855 | D:4      | Reached skill level 5 in Short Blades
  3899 | D:5      | Entered Level 5 of the Dungeon
  3978 | D:5      | Received a gift from Nemelex Xobeh
  4071 | D:5      | Found a hide-covered altar of Uskayaw.
  4165 | D:5      | Found a sparkling altar of Nemelex Xobeh.
  4199 | D:5      | Found a shattered altar of Ashenzari.
  4447 | D:5      | Reached skill level 1 in Polearms
  4447 | D:5      | Reached XP level 8. HP: 52/61 MP: 8/8
  4718 | D:6      | Reached *** piety under Nemelex Xobeh
  4862 | D:6      | Reached skill level 5 in Shields
  4954 | D:6      | Upgraded the game from 0.20.0-1-g1cb1d84 to 0.20.0-4-g10b340a
  5102 | D:6      | Found a radiant altar of Vehumet.
  5190 | D:6      | Found a basalt altar of Yredelemnul.
  5324 | D:6      | Received a gift from Nemelex Xobeh
  5470 | D:6      | Noticed Eustachio
  5494 | D:6      | Killed Eustachio
  5605 | D:6      | Found a bloodstained altar of Trog.
  5730 | D:7      | Found Zessiyli's Elemental Accessories.
  5936 | D:7      | Found Zin's Purification Station.
  5941 | D:7      | Found a glowing silver altar of Zin.
  5978 | D:7      | Reached skill level 6 in Shields
  5978 | D:7      | Reached XP level 9. HP: 60/67 MP: 9/9
  6003 | D:7      | Found Ozooggeon's Magic Scroll Shop.
  6038 | D:7      | Reached skill level 5 in Polearms
  6069 | D:7      | Bought a scroll of identify for 22 gold pieces
  6069 | D:7      | Bought a scroll of enchant armour for 82 gold pieces
  6069 | D:7      | Bought a scroll of identify for 22 gold pieces
  6069 | D:7      | Bought a scroll of identify for 22 gold pieces
  6069 | D:7      | Bought a scroll of identify for 22 gold pieces
  6240 | D:7      | Reached **** piety under Nemelex Xobeh
  6240 | D:7      | Received a gift from Nemelex Xobeh
  6255 | D:7      | Found a staircase to the Ecumenical Temple.
  6293 | Temple   | Entered the Ecumenical Temple
  6485 | D:7      | Found Negh's General Store.
  6830 | D:8      | Reached skill level 1 in Stealth
  6872 | D:8      | Found a sparkling altar of Nemelex Xobeh.
  6995 | D:8      | Reached skill level 7 in Shields
  7287 | D:8      | Received a gift from Nemelex Xobeh
  7540 | D:9      | Noticed Grum
  7568 | D:9      | Noticed Grum
  7568 | D:9      | Grum changed into Grum the killer bee
  7571 | D:9      | Killed Grum the killer bee
  7688 | D:9      | Got a translucent silver ring
  7708 | D:9      | Identified the ring of Fragile Peace {rPois EV+2 Str+4} (You found it on level 9 of the Dungeon)
  7908 | D:9      | Noticed a troll
  7918 | D:9      | Killed a troll
  7918 | D:9      | Reached XP level 10. HP: 75/75 MP: 10/10
  8129 | D:9      | Reached skill level 8 in Shields
  8337 | D:10     | Entered Level 10 of the Dungeon
  8444 | D:10     | Reached skill level 1 in Invocations
  8498 | D:10     | Noticed a green ugly thing
  8529 | D:10     | Killed a green ugly thing
  8602 | D:10     | Noticed a two-headed ogre
  8618 | D:10     | Killed a two-headed ogre
  8658 | D:10     | Received a gift from Nemelex Xobeh
  8688 | D:10     | Noticed a two-headed ogre
  8717 | D:10     | Killed a two-headed ogre
  8729 | D:10     | Reached ***** piety under Nemelex Xobeh
  8860 | D:10     | Reached skill level 9 in Shields
  8883 | D:10     | Reached XP level 11. HP: 72/84 MP: 12/12
  9782 | D:11     | Found a staircase to the Lair.
  9794 | D:11     | Reached skill level 10 in Polearms
 10028 | D:11     | Reached skill level 10 in Shields
 10083 | D:11     | Noticed a cyclops
 10106 | D:11     | Killed an unseen horror
 10115 | D:11     | Killed a cyclops
 10415 | D:11     | Found a staircase to the Orcish Mines.
 10560 | Lair:1   | Entered Level 1 of the Lair of Beasts
 10560 | Lair:1   | Received a gift from Nemelex Xobeh
 10737 | Lair:1   | Identified a scroll of acquirement
 11121 | Lair:1   | Received a gift from Nemelex Xobeh
 11565 | Lair:2   | Reached skill level 11 in Shields
 11591 | Lair:2   | Reached XP level 12. HP: 47/93 MP: 13/13
 11864 | Lair:2   | Received a gift from Nemelex Xobeh
 12164 | Lair:2   | Received a gift from Nemelex Xobeh
 12214 | Lair:2   | Noticed an eight-headed hydra
 12216 | Lair:2   | Found a staircase to the Shoals.
 12223 | Lair:2   | Noticed a satyr
 12223 | Lair:2   | an eight-headed hydra changed into a satyr
 12244 | Lair:2   | Killed a satyr
 12284 | Lair:2   | You fall through a shaft for 2 floors!
 12385 | Lair:4   | Reached skill level 10 in Armour
 12450 | Lair:3   | Received a gift from Nemelex Xobeh
 12492 | Lair:3   | Reached skill level 12 in Shields
 12831 | Lair:3   | Reached ****** piety under Nemelex Xobeh
 12866 | Lair:3   | Reached skill level 10 in Fighting
 13304 | Shoals:1 | Entered Level 1 of the Shoals
 13687 | Lair:3   | Noticed a seven-headed hydra
 13689 | Lair:3   | Noticed Gastronok
 13705 | Lair:3   | Killed a seven-headed hydra
 13738 | Lair:3   | Killed Gastronok
 13738 | Lair:3   | Reached XP level 13. HP: 52/102 MP: 14/14
 13857 | Lair:3   | Received a gift from Nemelex Xobeh
 14310 | Lair:4   | Received a gift from Nemelex Xobeh
 14502 | Lair:4   | Reached skill level 13 in Shields
 14619 | Lair:4   | Found a hole to the Spider Nest.
 14803 | Lair:4   | Received a gift from Nemelex Xobeh
 15298 | Lair:5   | Received a gift from Nemelex Xobeh
 15637 | Lair:5   | Received a gift from Nemelex Xobeh
 15892 | Lair:6   | Entered Level 6 of the Lair of Beasts
 15892 | Lair:6   | Noticed healthycheekums's ghost (journeyman MiBe)
 15980 | Lair:6   | Killed healthycheekums's ghost
 15980 | Lair:6   | Reached skill level 14 in Shields
 16157 | Lair:6   | Found a staircase to the Slime Pits.
 16351 | Lair:6   | Received a gift from Nemelex Xobeh
 16774 | Lair:6   | Noticed a storm dragon
 16774 | Lair:6   | a death yak changed into a storm dragon
 16774 | Lair:6   | Noticed a minotaur
 16774 | Lair:6   | a catoblepas changed into a minotaur
 16774 | Lair:6   | Noticed a storm dragon
 16774 | Lair:6   | a death yak changed into a storm dragon
 16786 | Lair:6   | a storm dragon changed into an elephant
 16786 | Lair:6   | a minotaur changed into a cyclops
 16786 | Lair:6   | a storm dragon changed into a two-headed ogre
 16788 | Lair:6   | Noticed an entropy weaver
 16788 | Lair:6   | a death yak changed into an entropy weaver
 16799 | Lair:6   | an entropy weaver changed into a hippogriff
 16826 | Lair:6   | Noticed an entropy weaver
 16826 | Lair:6   | a six-headed hydra changed into an entropy weaver
 16844 | Lair:6   | Killed an entropy weaver
 17007 | Lair:6   | Reached XP level 14. HP: 111/111 MP: 16/16
 17094 | Lair:6   | Got a shimmering robe
 17099 | Lair:6   | Identified the +1 robe "Naaffeoh" {-Cast +Fly rN+ MR+} (You found it on level 6 of the Lair of Beasts)
 17153 | Lair:6   | Reached skill level 15 in Shields
 17602 | D:12     | Noticed Rupert
 17615 | D:12     | Paralysed by Rupert for 2 turns
 17656 | D:12     | Killed Rupert
 18003 | D:12     | Noticed Frances
 18028 | D:12     | Killed Frances
 18028 | D:12     | Reached skill level 1 in Maces & Flails
 18329 | D:12     | Noticed Psyche
 18364 | D:12     | Killed Psyche
 18400 | D:12     | Received a gift from Nemelex Xobeh
 18455 | D:12     | Demolished by an enormous slime creature

Skill      XL: |  1  2  3  4  5  6  7  8  9 10 11 12 13 14 |
---------------+-------------------------------------------+-----
Fighting       | 4 5 6 7 9 10 11 | 11.8
Armour         | 4 5 6 7 8 9 10 11 | 11.7
Short Blades   | 3 4 5 |  5.5
Shields        | 4 6 7 9 11 12 14 15 | 15.4
Dodging        | 1 2 3 |  3.7
Polearms       | 1 4 7 9 10 12 | 12.6
Stealth        | 1 |  1.8
Invocations    | 1 2 3 |  3.5
Maces & Flails | 2 |  2.4
Evocations     | |  0.4

Action                   |  1- 3 |  4- 6 |  7- 9 | 10-12 | 13-15 || total
-------------------------+-------+-------+-------+-------+-------++-------
Melee: Rapier            |    91 |    76 |       |       |       ||   167
       Dagger            |       |   125 |    62 |       |       ||   187
       Spear             |       |       |   544 |  1331 |   818 ||  2693
       Mace              |       |       |       |       |   148 ||   148
Throw: Tomahawk          |       |       |       |       |     1 ||     1
Evoke: Deck              |       |     2 |     6 |    13 |    24 ||    45
       Lightning rod     |       |       |       |       |     4 ||     4
  Use: Scroll            |     4 |     1 |    17 |    18 |    10 ||    50
       Potion            |       |     3 |     6 |     7 |     3 ||    19
  Eat: Bread ration      |     1 |     1 |       |       |       ||     2
       Meat ration       |       |       |     3 |     3 |     1 ||     7
       Fruit             |       |       |     2 |     4 |     4 ||    10
       Royal jelly       |       |       |     1 |     2 |     3 ||     6
       Chunk             |       |       |       |       |    10 ||    10
Armor: Scale mail        |    36 |    60 |    15 |       |       ||   111
       Chain mail        |       |       |    93 |       |       ||    93
       Plate armour      |       |       |   158 |   323 |   306 ||   787
Dodge: Dodged            |    27 |    38 |   246 |   582 |   573 ||  1466
Block: Shield            |    56 |    81 |   266 |   665 |   772 ||  1840
